Map: Ночной сумрак РВ

Players

REDDEVIL - Winner!

  • Race: Protoss Protoss
  • League: Diamond
  • Spawn Location: 5:00

Dolmatt

  • Race: Terran Terran
  • League: Diamond
  • Spawn Location: 11:00

VOD

Have the link to the VOD?

Description

Time

  • Played on: March 29, 2020, 6:34 p.m.
  • Length: 15:49
Show
View Real Time Build Order
Export as new Build Order

REDDEVIL Protoss - Winner!

Build Orders:  

Get SALT Encoding   

  12  0:02  Probe  
  13  0:14  Probe  
  13  0:17  Pylon  
  14  0:26  Probe  
  15  0:35  Gateway  
  15  0:38  Probe  
  16  0:50  Probe  
  16  0:51  Assimilator  
  17  1:02  Probe (Chrono Boost)  
  17  1:09  Assimilator  
  17  1:15  Probe (Chrono Boost)  
  18  1:22  Cybernetics Core  
  18  1:23  Probe (Chrono Boost)  
  19  1:29  Probe  
  19  1:32  Pylon  
  20  1:41  Probe (Chrono Boost)  
  21  1:51  Probe (Chrono Boost)  
  22  1:59  Stalker  
  22  2:00  Warp Gate  
  24  2:16  Nexus  
  24  2:23  Probe  
  25  2:35  Probe  
  26  2:46  Pylon  
  26  3:09  Gateway  
  26  3:10  Gateway  
  26  3:11  Gateway  
  26  3:18  Robotics Facility  
  26  3:21  Probe (Chrono Boost)  
  27  3:33  Probe (Chrono Boost)  
  28  3:36  Twilight Council  
  28  3:39  Probe (Chrono Boost)  
  29  3:47  Probe  
  30  3:51  Sentry  
  32  4:00  Pylon  
  32  4:01  Probe (Chrono Boost)  
  32  4:02  Probe (Chrono Boost)  
  34  4:09  Observer  
  36  4:11  Probe (Chrono Boost)  
  36  4:12  Probe (Chrono Boost)  
  37  4:18  Probe x2 (Chrono Boost), Pylon  
  37  4:20  Templar Archives  
  39  4:26  Probe  
  39  4:27  Probe, Assimilator  
  39  4:30  Charge (Chrono Boost)  
  41  4:37  Observer  
  41  4:38  Probe  
  43  4:39  Zealot x2  
  43  4:40  Zealot  
  43  4:45  Probe  
  50  4:50  Probe  
  51  4:53  Assimilator  
  51  4:55  Zealot  
  51  4:59  Psionic Storm  
  53  5:23  Probe x2  
  53  5:27  Warp Prism  
  57  5:32  High Templar x2  
  57  5:35  Probe  
  62  5:43  High Templar  
  64  5:59  Gateway  
  64  6:00  Gateway  
  64  6:02  Zealot  
  66  6:07  Gateway  
  66  6:08  Gateway  
  66  6:09  Gateway  
  66  6:10  Gateway  
  66  6:11  Gateway  
  66  6:16  Pylon  
  66  6:19  Pylon  
  66  6:22  Zealot x2  
  70  6:28  Observer  
  70  6:31  Pylon  
  70  6:33  Pylon  
  70  6:35  High Templar x2  
  74  6:56  Zealot x3  
  80  7:13  Forge  
  80  7:14  Zealot x2  
  80  7:15  Zealot x5, Forge  
  94  7:25  Pylon  
  94  7:26  Pylon  
  94  7:39  Zealot x3  
  94  7:40  Zealot  
  92  8:18  Warp Prism  
  94  8:25  Nexus  
  94  8:27  Pylon  
  94  8:29  Pylon  
  94  8:30  Photon Cannon  
  94  8:38  Gateway  
  94  8:40  Gateway  
  94  8:42  Gateway  
  94  8:49  Gateway  
  89  8:59  Probe  
  51  9:11  Probe  
  44  9:17  High Templar x5  
  44  9:23  Probe  
  55  9:25  Probe  
  55  9:28  Photon Cannon  
  56  9:35  Probe  
  56  9:38  Probe  
  58  9:42  Zealot  
  58  9:43  Zealot  
  62  9:47  Probe (Chrono Boost)  
  64  9:55  Probe (Chrono Boost)  
  64  9:59  Probe (Chrono Boost)  
  65  10:04  Probe x2 (Chrono Boost)  
  67  10:08  Probe (Chrono Boost)  
  72  10:15  Probe (Chrono Boost)  
  72  10:16  Immortal  
  72  10:18  Protoss Ground Weapons Level 1  
  72  10:19  Probe x2 (Chrono Boost)  
  72  10:21  Probe (Chrono Boost), Protoss Ground Armor Level 1  
  75  10:23  Probe (Chrono Boost)  
  75  10:25  Probe  
  78  10:28  Probe  
  78  10:30  Zealot x2  
  83  10:42  Stalker x3  
  89  10:48  Stalker  
  91  10:50  Stalker  
  93  10:58  Stalker x2  
  97  11:04  Stalker  
  97  11:05  Stalker  
  101  11:12  Stalker x2  
  101  11:16  Stalker  
  107  11:21  Stalker  
  109  11:27  Probe x3  
  112  11:33  Zealot x2  
  112  11:35  Zealot  
  112  11:39  Probe x2  
  120  11:43  Immortal  
  124  12:01  Stalker x4  
  124  12:02  Stalker  
  108  12:21  Zealot x2  
  108  12:22  Zealot x6  
  86  12:32  Zealot x3  
  86  12:33  Zealot  
  72  12:47  Zealot x5  
  76  13:04  Stalker x4  
  76  13:05  Stalker x2  
  83  13:12  High Templar  
  83  13:13  High Templar x4  
  83  13:19  Assimilator  
  93  13:21  Zealot x2, Assimilator  
  79  14:05  Zealot  
  79  14:06  Zealot x6  
  79  14:07  Zealot x4  
  79  14:08  Zealot x2  
  95  14:38  Archon x2  
  89  14:51  Stalker x4  
  89  14:52  Stalker x5  
  91  14:53  Stalker x2  
  91  14:54  Stalker x3  
  91  14:55  Stalker  
  77  15:26  Stalker x3  
  77  15:27  Stalker x6  
Show
View Real Time Build Order
Export as new Build Order

Dolmatt Terran 

Build Orders:  

Get SALT Encoding   

  12  0:01  SCV  
  13  0:13  SCV  
  14  0:17  Supply Depot  
  14  0:25  SCV  
  15  0:41  Barracks  
  15  0:43  SCV  
  15  0:49  Refinery  
  16  0:55  SCV  
  17  1:06  Supply Depot  
  17  1:07  SCV  
  18  1:19  SCV  
  19  1:32  SCV  
  20  1:44  SCV  
  21  1:47  Reaper, Command Center  
  22  1:54  Bunker  
  22  2:03  Orbital Command  
  22  2:09  Refinery  
  22  2:19  Factory  
  22  2:27  Marine  
  23  2:34  SCV  
  24  2:43  Barracks  
  24  2:45  Marine  
  24  2:46  SCV  
  26  3:03  Orbital Command  
  26  3:11  Factory Tech Lab  
  26  3:13  Barracks Tech Lab  
  26  3:16  Starport  
  26  3:19  SCV  
  27  3:31  SCV, Siege Tank  
  27  3:32  SCV  
  32  3:42  Engineering Bay  
  32  3:43  SCV  
  32  3:45  SCV  
  32  3:48  Barracks Reactor  
  34  3:55  SCV  
  34  3:59  SCV  
  34  4:00  Refinery  
  36  4:02  Refinery  
  36  4:03  Starport Reactor  
  36  4:11  SCV x2  
  36  4:14  Supply Depot  
  38  4:19  Missile Turret  
  38  4:24  Missile Turret  
  38  4:25  Missile Turret  
  38  4:26  SCV x2  
  40  4:34  Marine  
  40  4:35  Marine  
  40  4:38  SCV x2  
  44  4:39  Stimpack  
  44  4:50  SCV x2  
  44  4:52  Supply Depot, Marine x2  
  48  5:02  SCV x2  
  50  5:14  SCV x2  
  50  5:17  Marine x3  
  50  5:18  Siege Tank  
  50  5:20  Medivac  
  60  5:26  SCV x2  
  62  5:34  Supply Depot  
  62  5:37  Supply Depot  
  62  5:39  Marine x2, Liberator  
  67  5:43  Missile Turret  
  67  5:44  SCV  
  67  5:45  SCV  
  67  5:47  Missile Turret  
  69  5:50  Barracks  
  69  5:53  Marine  
  69  5:55  Liberator  
  73  6:05  Marine x2  
  73  6:07  Terran Infantry Weapons Level 1  
  73  6:11  Marine  
  76  6:18  Combat Shield  
  76  6:19  Supply Depot  
  76  6:22  Medivac, Barracks  
  76  6:23  Marine x2  
  80  6:35  Marine  
  80  6:38  Barracks Reactor, Liberator  
  84  6:40  Marine  
  84  6:41  Marine  
  86  6:52  Liberator  
  86  6:53  Marine  
  90  6:57  Supply Depot  
  90  6:58  Marine x2  
  90  7:01  Supply Depot  
  92  7:10  Barracks Reactor  
  92  7:11  Marine  
  93  7:16  Marine  
  93  7:19  Command Center, Siege Tank  
  93  7:21  Liberator  
  93  7:22  Supply Depot  
  100  7:26  Supply Depot, Marine x2  
  102  7:41  Marine x3  
  105  7:44  Marine x2  
  107  7:51  Siege Tank  
  107  7:52  Medivac  
  111  7:59  Marine x2  
  109  8:43  Missile Turret, Sensor Tower  
  77  9:15  Marine x7  
  84  9:17  Siege Tank  
  84  9:19  Liberator x2  
  93  9:28  Sensor Tower  
  93  9:32  Marine  
  93  9:33  Marine x6  
  100  9:49  Missile Turret, Siege Tank  
  100  9:50  Marine x2  
  100  9:51  Marine x5  
  110  10:01  Liberator  
  110  10:02  Liberator  
  116  10:08  Marine x7  
  116  10:10  Orbital Command  
  116  10:11  SCV  
  116  10:12  SCV  
  125  10:21  Siege Tank  
  125  10:26  Marine x2  
  130  10:29  Marine x5  
  130  10:32  Terran Infantry Armor Level 1  
  135  10:36  Armory  
  135  10:44  Marine x2  
  135  10:46  SCV, Marine  
  135  10:47  SCV x2  
  141  11:10  Supply Depot  
  141  11:11  Supply Depot  
  141  11:13  Supply Depot  
  141  11:15  SCV x3, Siege Tank  
  147  11:27  SCV x3  
  150  11:39  SCV x3  
  153  11:47  Siege Tank  
  153  11:51  SCV  
  102  12:19  Siege Tank  
  81  12:51  Marine, Siege Tank  
  81  12:52  Marine x6  
  76  13:09  Marine x3, Liberator x2  
  76  13:10  Marine x4  
  87  13:21  Fusion Core  
  87  13:24  Siege Tank  
  90  13:27  Marine  
  90  13:30  Refinery  
  90  13:31  Refinery  
  88  13:47  Command Center  
  84  13:48  Refinery  
  84  13:52  Refinery, Liberator x2  
  84  13:54  Marine x7  
  81  13:56  Siege Tank  
  84  14:12  Marine x7  
  89  14:28  Siege Tank  
  89  14:30  Marine x7  
  87  14:35  Liberator x2  
  77  15:00  Siege Tank  
  60  15:25  SCV x2  
Tags
 
Add a new tag
Caveats
  • Supply blocks, unpowered buildings, or Contaminate may cause inaccurate times.
  • Supply counts are checked every 10 seconds.